 Dungeon Crawl Stone Soup version 0.30-a0-385-gfebfb9b408 (webtiles) character file.

Game seed: 3717073828033166148

302758 ragingrage the Corrupter of Planes (level 20, -1/160 HPs)
             Began as a Green Draconian Reaver on Dec 1, 2022.
             Was the Champion of Lugonu.
             Shot with a bolt by a yaktaur captain (31 damage)
             ... on level 2 of the Vaults on Dec 2, 2022.
             The game lasted 02:10:57 (47174 turns).

ragingrage the Corrupter of Planes (DrRe)          Turns: 47174, Time: 02:10:57

Health: -1/160     AC: 19    Str: 16    XL:     20   Next: 22%
Magic:  33/33      EV: 18    Int: 17    God:    Lugonu [******]
Gold:   1488       SH:  4    Dex:  9    Spells: 8/27 levels left

rFire   + + +      SeeInvis +    a - +8 demon trident (distort)
rCold   + + .      Faith    .    q - +1 buckler of Valour {rF+++ rN+++ Int-2 Dex-3}
rNeg    + + +      Spirit   .    (body armour unavailable)
rPois   +          Reflect  .    R - +2 hat {SInv}
rElec   +          Harm     .    O - +1 cloak {Will+}
rCorr   +          Rampage  .    I - +3 pair of gauntlets of War {Slay+5}
Will    ++...                    i - +0 pair of boots {Fly}
Stlth   ++........               F - amulet of regeneration
HPRegen 1.26/turn                H - +4 ring of evasion
MPRegen 0.23/turn                c - ring of protection from cold

@: silenced, resistant, flying, invisible
A: breathe noxious fumes, AC +10, unfitting armour, stinger 1, poison
resistance, cold-blooded, frail 1
}: 2/15 runes: abyssal, gossamer
a: Breathe Noxious Fumes, Renounce Religion


You were on level 2 of the Vaults.
You worshipped Lugonu.
Lugonu was exalted by your worship.
You visited 7 branches of the dungeon, and saw 36 of its levels.
You visited the Abyss 2 times.
You also visited: Gauntlet and Volcano.

You collected 4790 gold pieces.
You spent 3302 gold pieces at shops.

Inventory:

Hand Weapons
 a - a +8 demon trident of distortion (weapon)
 b - the +11 hand crossbow of ragingrage's Misery {flame, rN+ rCorr Dex+4}
   (You bought it in a shop on level 2 of the Orcish Mines)

   Any ammunition fired from it burns those it strikes, dealing additional fire
   damage.
   Dex:       It affects your dexterity (+4).
   rN:        It protects you from negative energy.
   rCorr:     It protects you from acid and corrosion.
 e - the +6 arbalest "Damnation" {damnation}
   (You took it off a minotaur in a Gauntlet)

   Any ammunition fired from it explodes in a burst of damnation on striking a
   foe, dealing damage which bypasses armour.
Missiles
 d - 3 curare-tipped darts
 f - a throwing net
 t - 5 silver javelins
Armour
 i - a +0 pair of boots of flying (worn)
 q - the +1 buckler of Valour (worn) {rF+++ rN+++ Int-2 Dex-3}
   (You found it in a Gauntlet)

   Int:       It affects your intelligence (-2).
   Dex:       It affects your dexterity (-3).
   rF:        It renders you almost immune to fire.
   rN:        It renders you almost immune to negative energy.
 I - the +3 pair of gauntlets of War (worn) {Slay+5}
   (You found it on level 7 of the Dungeon)

   Slay:      It affects your accuracy & damage with ranged weapons and melee
   (+5).
 O - a +1 cloak of willpower (worn)
 R - a +2 hat of see invisible (worn)
Jewellery
 c - a ring of protection from cold (right hand)
 F - an amulet of regeneration (around neck)
 H - a +4 ring of evasion (left hand)
Wands
 s - a wand of polymorph (41)
 B - a wand of mindburst (34)
 G - a wand of iceblast (6)
 J - a wand of flame (63)
 M - a wand of quicksilver (4)
 N - a wand of paralysis (22)
Scrolls
 g - 8 scrolls of fear
 j - 11 scrolls of butterflies
 m - 6 scrolls of amnesia
 n - 2 scrolls of poison
 p - a scroll of silence
 v - a scroll of acquirement
 w - 2 scrolls of vulnerability
 y - a scroll of summoning
 D - 4 scrolls of blinking
 P - 7 scrolls of teleportation
 W - 5 scrolls of immolation
 X - 2 scrolls of magic mapping
Potions
 h - 6 potions of mutation
 k - 4 potions of cancellation
 l - a potion of berserk rage
 o - 13 potions of ambrosia
 r - a potion of resistance
 x - 10 potions of curing
 z - 7 potions of haste
 A - 7 potions of attraction
 C - 3 potions of lignification
 K - 8 potions of brilliance
 L - 3 potions of heal wounds
 Q - 6 potions of magic
 T - 6 potions of flight
 U - a potion of invisibility
 Z - 5 potions of might
Miscellaneous
 E - a phantom mirror
 S - a tin of tremorstones (2/2)
 V - a box of beasts (inert)
 Y - a phial of floods


   Skills:
 - Level 15.0 Fighting
 - Level 14.0 Polearms
 + Level 17.4 Ranged Weapons
 - Level 10.0 Dodging
 - Level 5.0 Stealth
 - Level 1.0 Shields
 - Level 4.0 Spellcasting
 - Level 8.0 Conjurations
 - Level 7.0 Translocations
 - Level 6.0 Ice Magic
 - Level 3.0 Air Magic
 + Level 19.9 Invocations
 - Level 9.0 Evocations


You had 8 spell levels left.
You knew the following spells:

 Your Spells              Type           Power      Damage    Failure   Level
a - Ozocubu's Armour      Ice            23%        N/A       5%          3
b - Apportation           Tloc           54%        N/A       1%          1
c - Hailstorm             Conj/Ice       27%        3d7       3%          3
d - Swiftness             Air            13%        N/A       19%         3
e - Searing Ray           Conj           60%        2d6       1%          2
f - Kiss of Death         Conj/Necr      68%        2d10      4%          1
g - Blink                 Tloc           54%        N/A       1%          2
h - Manifold Assault      Tloc           27%        N/A       12%         4

Your spell library contained the following spells:

 Spells                   Type           Power      Damage    Failure   Level
 Magic Dart               Conj           100%       1d8       1%          1
 Momentum Strike          Conj/Tloc      56%        3d9       1%          2
 Shock                    Conj/Air       88%        1d8       2%          1
 Lesser Beckoning         Tloc           54%        N/A       3%          3
 Ensorcelled Hibernation  Hex/Ice        26%        N/A       10%         2
 Passage of Golubria      Tloc           27%        N/A       12%         4
 Mephitic Cloud           Conj/Pois/Air  15%        N/A       14%         3
 Poisonous Vapours        Pois/Air       16%        N/A       17%         2
 Necrotise                Necr           12%        1d4       22%         1
 Slow                     Hex            12%        N/A       22%         1
 Summon Small Mammal      Summ           12%        N/A       22%         1
 Cigotuvi's Dreadful Rot  Necr/Pois/Air  12%        N/A       22%         2
 Passwall                 Tmut/Erth      2%         N/A       32%         2
 Scorch                   Fire           6%         2d5       32%         2
 Sublimation of Blood     Necr           3%         N/A       32%         2
 Flame Wave               Conj/Fire      17%        2d7       38%         4
 Fulminant Prism          Conj/Hex       8%         3d7       38%         4
 Airstrike                Air            6%         2d(1-17)  52%         4
 Freezing Cloud           Conj/Ice/Air   11%        6-21      52%         5
 Lightning Bolt           Conj/Air       11%        1d24      52%         5
 Call Canine Familiar     Summ           3%         N/A       54%         3
 Confusing Touch          Hex            3%         N/A       54%         3
 Inner Flame              Hex/Fire       3%         N/A       54%         3
 Summon Guardian Golem    Hex/Summ       3%         N/A       54%         3
 Tukima's Dance           Hex            3%         N/A       54%         3
 Vampiric Draining        Necr           3%         2d6       54%         3
 Summon Lightning Spire   Summ/Air       8%         N/A       75%         4
 Metabolic Englaciation   Hex/Ice        6%         N/A       86%         5
 Animate Dead             Necr           3%         N/A       91%         4
 Cause Fear               Hex            1%         N/A       91%         4
 Dispel Undead            Necr           3%         3d7       91%         4
 Leda's Liquefaction      Hex/Erth       1%         N/A       91%         4
 Olgreb's Toxic Radiance  Pois           3%         N/A       91%         4
 Silence                  Hex/Air        4%         N/A       97%         5
 Agony                    Necr           3%         N/A       99%         5
 Blade Hands              Tmut           1%         N/A       99%         5
 Lee's Rapid Deconstruct  Erth           1%         3d4*      99%         5
 Yara's Violent Unravell  Hex/Tmut       1%         3d3       99%         5
 Iron Shot                Conj/Erth      8%         9d3       99%         6
 Death Channel            Necr           1%         N/A       100%        6
 Simulacrum               Ice/Necr       6%         N/A       100%        6
 Statue Form              Tmut/Erth      2%         N/A       100%        6
 Summon Cactus Giant      Summ           1%         N/A       100%        6
 Dragon Form              Tmut           1%         N/A       100%        7
 Haunt                    Necr/Summ      1%         N/A       100%        7
 Ozocubu's Refrigeration  Ice            11%        4d10      100%        7
 Storm Form               Tmut/Air       4%         N/A       100%        7
 Discord                  Hex            1%         N/A       100%        8
 Infestation              Necr           1%         N/A       100%        8
 Lehudib's Crystal Spear  Conj/Erth      8%         10d4      100%        8
 Necromutation            Tmut/Necr      1%         N/A       100%        8
 Dragon's Call            Summ           1%         N/A       100%        9
 Polar Vortex             Ice            11%        N/A       100%        9
 Animate Armour           Summ/Erth      Unusable   N/A       N/A         4

Dungeon Overview and Level Annotations

Branches:
Dungeon (15/15)            Temple (0/1) D:7            Lair (5/5) D:11
 Shoals (4/4) Lair:2       Spider (4/4) Lair:3        Slime (0/5) Lair:4
    Orc (2/2) D:11            Elf (3/3) Orc:2        Vaults (3/5) D:14
Volcano (visited)         Gauntlet (visited)
  Crypt: Vaults:2-3  Depths: D:15

Altars:
Cheibriados
Kikubaaqudgha
Makhleb
Okawaru
Qazlal
Sif Muna
Xom
Zin
Jiyva
Lugonu

Shops:
D:4 !*   D:5 *   D:8 *   D:15 !   Orc:2 [(![   Elf:1 :[[([   Elf:3 [:
Shoals:1 :   Shoals:4 *

Portals:
Abyss: D:7

Annotations:
D:5 Dowan, Duvessa
D:15 corrupted
Shoals:1 corrupted
Shoals:3 exclusion: downstairs
Shoals:4 Mara
Spider:2 1 runed translucent door, PyroL's ghost, adept DsNe
Spider:3 exclusion: downstairs
Spider:4 corrupted
Orc:2 corrupted
Elf:2 3 runed translucent doors


Innate Abilities, Weirdness & Mutations

You can breathe blasts of noxious fumes.
Your lurid green scales are hard. (AC +10)
You cannot fit into any form of body armour.
Your tail ends in a venomous barb.
Your system is resistant to poisons. (rPois)
You are cold-blooded and may be slowed by cold attacks.
You are frail. (-10% HP)


Message History

* * * LOW HITPOINT WARNING * * *
The storm dragon completely misses you.
You closely miss the storm dragon.
The storm dragon bites you but does no damage.
The storm dragon claws you but does no damage.
You block the storm dragon's attack.
Okay, then.
You puncture the storm dragon!
Space warps around the storm dragon.
Your tail-slap misses the storm dragon.
The storm dragon is lightly wounded.
The storm dragon bites you!
* * * LOW HITPOINT WARNING * * *
The storm dragon closely misses you. The storm dragon tramples you!
* * * LOW HITPOINT WARNING * * *
You are shoved backwards!
You feel much better. The storm dragon completely misses you.
The storm dragon claws you but does no damage.
The storm dragon misses you.
You open the lid... ...and a juvenile weirdshock beast leaps out!
The box is emptied!
The storm dragon bites you!
* * * LOW HITPOINT WARNING * * *
The storm dragon closely misses you.
The storm dragon tramples you but does no damage.
You swap places.
Your juvenile weirdshock beast hits the storm dragon.
The storm dragon completely misses you. The storm dragon claws you!
* * * LOW HITPOINT WARNING * * *
The storm dragon tramples you but does no damage.
There is an open door here.
Aiming: Paralyse
Press: ? - help, Shift-Dir - straight line, f - storm dragon
Aim: a storm dragon (silenced, lightly wounded, soul bound, unaffected by silence, ally target, chance to affect: 9%)
Okay, then.
You fade into invisibility!
The yaktaur captain wields a +2 arbalest of freezing.
It is covered in frost.
The yaktaur captain shoots a bolt.
The bolt closely misses the storm dragon.
The bolt hits you!!
You die...

### ++# #$$ ..#
#...# #.. ..# #...#
#..#..##########...#
#)###........#...#
#).#cD@........#...#
#Dp#†H#''####..#...#
#..#..#..# #..#...#
#?[#..#..# #..'...#
+##+###''####''#...#
#..'..'..#...#
#..'..'..#.).#
##########...# #...#


You could see a storm dragon (soul bound, unsilenced, unable to see you, ally
target), a yaktaur captain (soul bound, unable to see you) and a friendly
juvenile weirdshock beast (summoned, unsilenced).

Vanquished Creatures
  Nikola (Spider:1)
  A deep elf blademaster (Elf:3)
  Asterion (Lair:3)
  2 deep elf master archers (Elf:3)
  A sphinx (Vaults:1)
  Polyphemus (Shoals:1)
  A tentacled starspawn (Abyss:3)
  Agnes (Elf:1)
  Roxanne (Elf:1)
  2 emperor scorpions (Spider:4)
  3 deep elf sorcerers
  2 vault wardens
  A draconian scorcher (Abyss:3)
  An orc warlord (D:14)
  2 ghost moths
  5 deep elf elementalists (Elf:3)
  An ironbound preserver (Vaults:2)
  An ironbound thunderhulk (D:14)
  A broodmother (Spider:2)
  A stone giant (Vaults:1)
  4 deep elf demonologists (Elf:3)
  5 dire elephants
  Nessos (Abyss:3)
  A minotaur (Gauntlet)
  9 deep elf annihilators (Elf:3)
  2 blizzard demons
  An eidolon (Abyss:3)
  A merfolk javelineer (Shoals:3)
  5 ettins (Abyss:3)
  6 deep elf death magi
  3 entropy weavers
  A great orb of eyes (D:14)
  A merfolk impaler (Shoals:3)
  5 yaktaur captains
  4 hydras
  11 vault guards
  3 catoblepae
  An ice dragon (Lair:3)
  A radroach (Spider:2)
  An ogre mage (D:15)
  An anaconda (shapeshifter) (D:10)
  9 centaur warriors
  2 alligator snapping turtles
  4 ironbound frosthearts
  A merfolk aquamancer (Shoals:2)
  A two-headed ogre (D:10)
  14 dancing weapons
  4 boulder beetles
  9 death yaks
  A deep troll shaman (Lair:5)
  2 tengu warriors (D:15)
  5 orc high priests
  Nergalle (D:11)
  16 deep elf knights
  4 skeletal warriors
  5 sea snakes
  A shadow wraith (Vaults:2)
  A wretched star (Abyss:3)
  2 flayed ghosts (Abyss:3)
  2 pharaoh ants
  5 steelbarb worms
  3 wizards
  4 deep trolls (Vaults:2)
  2 ironbound convokers
  4 orb spiders
  A necromancer (Elf:1)
  9 deep elf archers
  14 ugly things
  8 wolf spiders
  8 orc knights
  A wolf spider (shapeshifter) (Elf:3)
  4 lindwurms
  3 orc sorcerers (Orc:2)
  An oklob plant (Lair:5)
  32 deep elf pyromancers
  17 deep elf zephyrmancers
  3 manticores
  3 moths of wrath
  4 cyclopes
  5 fauns
  18 elephants
  Maurice (D:8)
  A black mamba (Lair:3)
  A merfolk siren (Shoals:1)
  9 vault sentinels
  5 water nymphs
  A smoke demon (Abyss:3)
  4 torpor snails
  3 gargoyles
  9 cane toads
  14 yaktaurs
  2 unseen horrors
  4 rime drakes
  2 minotaur zombies (Gauntlet)
  A hellion (Abyss:3)
  4 demonic crawlers
  2 ice devils (Lair:3)
  A kobold demonologist (D:14)
  A hellwing (Abyss:3)
  6 komodo dragons
  A tengu conjurer (D:12)
  A silent spectre (Abyss:3)
  A queen bee (Spider:1)
  6 meliai
  6 polar bears
  10 trolls
  4 merfolk
  A troll (shapeshifter) (D:15)
  31 slime creatures
  17 blink frogs
  22 tarantellas
  2 wind drakes (Shoals:3)
  7 dream sheep
  A wolf spider simulacrum (D:14)
  7 snapping turtles
  A jumping spider (shapeshifter) (Elf:2)
  2 shadows
  16 jumping spiders
  14 culicivoras
  Sigmund (D:3)
  4 air elementals (Elf:3)
  7 water elementals
  A vampire (D:12)
  6 fire elementals
  2 ynoxinuls
  2 wraiths (D:10)
  A dire elephant simulacrum (Lair:3)
  A neqoxec (D:14)
  5 wyverns
  29 yaks
  13 vampire mosquitoes
  2 death yak simulacra (Lair:3)
  6 basilisks
  38 redbacks
  4 steam dragons
  4 wargs
  4 acid dragons
  Edmund (D:4)
  4 hell hounds
  15 water moccasins
  A floating eye (Abyss:3)
  5 small abominations
  2 ice beasts
  37 orc warriors
  2 sky beasts
  3 black bears
  4 boggarts
  5 large abominations
  5 ogres
  16 wolves
  3 centaurs
  A phantom (D:6)
  4 kobold brigands
  Blork the orc (D:4)
  5 elf zombies (Elf:1)
  12 bullfrogs
  4 scorpions
  A necrophage (D:5)
  3 gnoll sergeants
  3 earth elementals
  8 wights
  34 killer bees
  6 electric eels
  2 howler monkeys
  6 hounds
  4 jellies
  24 orc priests
  An iguana (shapeshifter) (D:14)
  6 hell rats
  21 orc wizards
  A spriggan simulacrum (Lair:3)
  2 polar bear simulacra (Lair:3)
  A troll simulacrum (Lair:3)
  13 gnolls
  An adder (D:2)
  2 shadow imps
  3 white imps
  A dart slug (D:2)
  A worm (D:6)
  115 orcs
  10 bats
  5 endoplasms
  4 goblins
  7 hobgoblins
  4 jackals (D:1)
  24 kobolds
  A quokka (D:1)
  6 ball pythons
  A frilled lizard (D:2)
  2 rats
  A starspawn tentacle (Abyss:3)
  A tentacle (Shoals:1)
1136 creatures vanquished.

Vanquished Creatures (collateral kills)
  Donald (Shoals:3)
  A vault guard (Vaults:1)
  A dancing weapon (Elf:1)
  2 deep elf pyromancers (Elf:1)
  3 merfolk (Shoals:3)
  An orc warrior (Orc:2)
9 creatures vanquished.

Vanquished Creatures (others)
  Jorgrun (Shoals:1)
  A frost giant (D:15)
  5 emperor scorpions (Spider:4)
  2 ghost moths (Spider:4)
  An ironbound thunderhulk (D:14)
  2 tengu warriors (D:15)
  2 orc high priests (Orc:2)
  A deep elf knight (Elf:2)
  5 orb spiders (Spider:4)
  4 orc knights (Orc:2)
  7 wolf spiders (Spider:4)
  A large abomination (Abyss:3)
  2 tarantellas (Spider:4)
  A centaur simulacrum (Abyss:3)
  A culicivora (Spider:4)
  A jumping spider (Spider:4)
  A shadow (D:7)
  A vampire mosquito (D:7)
  4 golden eyes (Abyss:3)
  3 redbacks (Spider:4)
  6 orc warriors (Orc:2)
  A boggart (Vaults:1)
  A vampire bat (D:5)
  6 orc priests
  An orc wizard (D:4)
  3 gnolls
  5 adders
  A white imp (D:7)
  A worm (D:2)
  3 orcs
  A ball python (D:1)
  2 endoplasms
  A giant cockroach (D:4)
  2 hobgoblins
  A kobold (D:1)
  3 rats
  A bush (Lair:4)
  25 fungi
  93 plants
  3 starspawn tentacles
  7 tentacles (Shoals:1)
213 creatures vanquished.

Grand Total: 1358 creatures vanquished

Notes
Turn   | Place    | Note
-------+----------+-------------------------------------------
     0 | D:1      | ragingrage the Draconian Reaver began the quest for the
                  | Orb.
     0 | D:1      | Reached XP level 1. HP: 17/17 MP: 3/3
   175 | D:1      | Reached XP level 2. HP: 21/21 MP: 3/5
   603 | D:1      | Learned a level 2 spell: Momentum Strike
   768 | D:1      | Found a faded altar of an unknown god.
   944 | D:1      | Prayed at the altar of an unknown god.
   944 | D:1      | Became a worshipper of Sif Muna the Loreminder
   944 | D:1      | Reached * piety under Sif Muna
  1532 | D:2      | Reached XP level 3. HP: 29/29 MP: 3/6
  1890 | D:2      | Reached skill level 1 in Translocations
  2234 | D:3      | Noticed Sigmund
  2251 | D:3      | Killed Sigmund
  2252 | D:3      | Reached XP level 4. HP: 32/36 MP: 4/7
  2385 | D:3      | Learned a level 3 spell: Hailstorm
  2926 | D:4      | Reached XP level 5. HP: 40/41 MP: 8/8
  3094 | D:4      | Noticed Blork the orc
  3112 | D:4      | Killed Blork the orc
  3112 | D:4      | Reached ** piety under Sif Muna
  3185 | D:4      | Found Zin's Purification Station.
  3188 | D:4      | Found a glowing silver altar of Zin.
  3223 | D:4      | Found Rangalad's Distillery.
  3232 | D:4      | Bought a potion of berserk rage for 60 gold pieces
  3294 | D:4      | Reached XP level 6. HP: 35/42 MP: 4/9
  3593 | D:4      | Reached skill level 5 in Polearms
  4085 | D:5      | Entered Level 5 of the Dungeon
  4148 | D:5      | Noticed Edmund
  4159 | D:4      | Killed Edmund
  4160 | D:4      | Reached skill level 5 in Conjurations
  4350 | D:5      | Your scales start taking on a lurid green colour.
  4350 | D:5      | Reached XP level 7. HP: 55/55 MP: 7/10
  4350 | D:5      | Gained mutation: Your system is resistant to poisons.
                  | (rPois) [Green Draconian growth]
  4553 | D:5      | Noticed Duvessa
  4763 | D:5      | Noticed Dowan
  4864 | D:6      | Reached XP level 8. HP: 61/61 MP: 11/11
  4886 | D:6      | Reached *** piety under Sif Muna
  5208 | D:6      | Reached skill level 1 in Ice Magic
  5420 | D:6      | Found a snail-covered altar of Cheibriados.
  6311 | D:7      | Reached XP level 9. HP: 14/67 MP: 7/12
  7390 | D:7      | Found a large runed translucent door.
  7390 | D:7      | Found a large runed translucent door.
  7414 | D:7      | Found a corrupted altar of Lugonu.
  7428 | D:7      | Reached skill level 10 in Polearms
  7463 | D:7      | Reached **** piety under Sif Muna
  7690 | D:7      | Learned a level 3 spell: Swiftness
  8012 | D:7      | Reached skill level 1 in Evocations
  8215 | D:7      | Found the +3 pair of gauntlets of War {Slay+5}
  8217 | D:7      | Identified the amulet "Ruqa" {Reflect +Inv Str-2 Dex+2 SH+5
                  | Stlth+}
  8283 | D:7      | Found a staircase to the Ecumenical Temple.
  8424 | D:7      | Found a one-way gate to the infinite horrors of the Abyss.
  8994 | D:8      | Found Ligismio's Assorted Antiques.
  9003 | D:8      | Bought a runed spear for 132 gold pieces
  9003 | D:8      | Bought a fuming puce potion for 19 gold pieces
  9028 | D:8      | Reached XP level 10. HP: 73/73 MP: 13/13
  9053 | D:8      | Noticed Maurice
  9061 | D:8      | Killed Maurice
  9384 | D:8      | Learned a level 2 spell: Searing Ray
 10114 | D:9      | Reached skill level 1 in Invocations
 10456 | D:9      | Reached skill level 2 in Invocations
 10571 | D:10     | Entered Level 10 of the Dungeon
 10763 | D:10     | Reached skill level 5 in Fighting
 10763 | D:10     | Reached skill level 3 in Invocations
 11068 | D:10     | Reached ***** piety under Sif Muna
 11068 | D:10     | Received a gift from Sif Muna
 11069 | D:10     | Reached XP level 11. HP: 68/89 MP: 9/15
 11091 | D:10     | Learned a level 3 spell: Ozocubu's Armour
 11116 | D:10     | Noticed a two-headed ogre
 11135 | D:10     | Killed a two-headed ogre
 11136 | D:10     | Reached skill level 4 in Invocations
 11539 | D:10     | You fall into a shaft and drop 3 floors!
 11566 | D:13     | Noticed a purple ugly thing
 11574 | D:13     | Killed a purple ugly thing
 11700 | D:13     | Noticed a centaur warrior
 11743 | D:13     | Noticed a purple ugly thing
 11746 | D:13     | Killed a centaur warrior
 11767 | D:14     | Noticed a wizard
 11833 | D:14     | Found the +14 obsidian axe {vorpal, Mesm Drain Fly SInv}
 11872 | D:14     | Found a gate to the Vaults.
 11872 | D:14     | Noticed a vault guard
 11872 | D:14     | Noticed a vault guard
 11872 | D:14     | Noticed a vault guard
 11872 | D:14     | Noticed a vault guard
 11872 | D:14     | Noticed a vault guard
 11885 | D:14     | Noticed a vault guard
 11888 | D:14     | Noticed an entropy weaver
 11904 | D:14     | Noticed a boulder beetle
 11928 | D:14     | Killed a boulder beetle
 11931 | Abyss:2  | Cast into level 2 of the Abyss (a wizard)
 11956 | Abyss:2  | Found a corrupted altar of Lugonu.
 11969 | Abyss:2  | Fell from the grace of Sif Muna
 11969 | Abyss:2  | Became a worshipper of Lugonu the Unformed
 11969 | Abyss:2  | Reached * piety under Lugonu
 11971 | Abyss:2  | Noticed a thrashing horror
 11971 | Abyss:2  | Noticed a thrashing horror
 11971 | D:14     | Escaped the Abyss
 11973 | D:14     | Killed a wizard
 11974 | D:14     | Reached skill level 5 in Ice Magic
 12133 | D:14     | Reached skill level 5 in Invocations
 12143 | D:14     | Noticed a vault guard
 12167 | D:14     | Killed a vault guard
 12202 | D:14     | Reached skill level 5 in Dodging
 12305 | D:14     | Killed a vault guard
 12439 | D:13     | Noticed a green ugly thing
 12448 | D:13     | Killed a green ugly thing
 12457 | D:13     | Killed a purple ugly thing
 12472 | D:13     | Noticed a red ugly thing
 12529 | D:13     | Killed a red ugly thing
 12542 | D:13     | Noticed a skeletal warrior
 12544 | D:13     | Noticed a skeletal warrior
 12664 | D:13     | Reached XP level 12. HP: 89/105 MP: 18/18
 12921 | D:11     | Noticed Nergalle
 12995 | D:11     | Killed Nergalle
 12996 | D:11     | Reached skill level 10 in Fighting
 12996 | D:11     | Reached skill level 6 in Invocations
 13195 | D:11     | Found a staircase to the Lair.
 13451 | D:11     | Identified the +3 plate armour of Lozogirch {Regen+}
 13533 | D:11     | Identified the +7 trident "Puhidaecs" {flame, Int+4 Dex+4}
 13564 | D:11     | Reached ** piety under Lugonu
 13681 | D:11     | Found a staircase to the Orcish Mines.
 13760 | D:11     | Found a shimmering blue altar of Sif Muna.
 14223 | Lair:1   | Entered Level 1 of the Lair of Beasts
 15217 | Lair:2   | Found a staircase to the Shoals.
 15217 | Lair:2   | Noticed a seven-headed hydra
 15222 | Lair:2   | Killed a seven-headed hydra
 15248 | Lair:2   | Found a gate leading to a gauntlet.
 15313 | Gauntlet | Entered a Gauntlet
 15313 | Gauntlet | Noticed a catoblepas
 15313 | Gauntlet | Found a transporter.
 15313 | Gauntlet | Found a transporter.
 15314 | Gauntlet | Found a transporter.
 15317 | Gauntlet | Found a transporter.
 15317 | Gauntlet | Found a transporter.
 15317 | Gauntlet | Found a transporter.
 15329 | Gauntlet | Found a transporter.
 15331 | Gauntlet | Found a transporter.
 15337 | Gauntlet | Noticed a five-headed hydra
 15345 | Gauntlet | Found a transporter.
 15445 | Gauntlet | Found a transporter.
 15447 | Gauntlet | Found a transporter.
 15457 | Gauntlet | Found a transporter.
 15573 | Gauntlet | Killed a catoblepas
 15602 | Gauntlet | Identified the +1 buckler of Valour {rF+++ rN+++ Int-2
                  | Dex-3}
 15618 | Gauntlet | Reached *** piety under Lugonu
 15675 | Gauntlet | Identified the ring "Wont" {Wiz Int+6}
 15684 | Gauntlet | Reached XP level 13. HP: 108/114 MP: 19/19
 15694 | Gauntlet | Identified the ring "Uqoc Lum" {rF+ Int+4}
 15694 | Gauntlet | Noticed a minotaur
 15708 | Gauntlet | Killed a minotaur
 15709 | Gauntlet | Reached skill level 7 in Invocations
 15713 | Gauntlet | Got the Codex of Lethal Fascination
 16128 | Lair:2   | Reached skill level 1 in Shields
 16525 | Lair:3   | Reached **** piety under Lugonu
 16554 | Lair:3   | Reached skill level 5 in Evocations
 16741 | Lair:3   | Reached skill level 8 in Invocations
 16791 | Lair:3   | Found a hole to the Spider Nest.
 17491 | Lair:4   | Found a staircase to the Slime Pits.
 17492 | Lair:4   | Found a viscous altar of Jiyva.
 17511 | Lair:4   | Found a dark tunnel.
 17566 | Volcano  | Entered a volcano
 17910 | Lair:4   | Reached skill level 9 in Invocations
 18215 | Lair:4   | Gained mutation: Your tail ends in a venomous barb. [Green
                  | Draconian growth]
 18215 | Lair:4   | Reached XP level 14. HP: 126/126 MP: 20/20
 18281 | Spider:1 | Entered Level 1 of the Spider Nest
 18907 | Lair:5   | Entered Level 5 of the Lair of Beasts
 19433 | Lair:5   | Reached ***** piety under Lugonu
 19674 | Lair:5   | Found a stormy altar of Qazlal.
 19764 | Lair:5   | Identified the +4 dagger of the Unseen Realm {protect,
                  | Dex+5}
 19804 | Lair:5   | Reached skill level 10 in Invocations
 20261 | Lair:5   | Reached skill level 1 in Ranged Weapons
 22312 | D:14     | Was forgiven by Sif Muna
 22324 | D:14     | Found a burning altar of Makhleb.
 22834 | D:14     | Reached XP level 15. HP: 136/136 MP: 23/23
 23154 | D:15     | Entered Level 15 of the Dungeon
 23296 | Orc:1    | Entered Level 1 of the Orcish Mines
 23431 | Orc:1    | Reached skill level 11 in Invocations
 23547 | Orc:2    | Entered Level 2 of the Orcish Mines
 23674 | Orc:2    | Learned a level 2 spell: Blink
 23731 | Orc:2    | Reached skill level 10 in Dodging
 23952 | Orc:1    | Reached skill level 5 in Ranged Weapons
 24109 | Orc:2    | Found a staircase to the Elven Halls.
 24262 | Orc:2    | Reached ****** piety under Lugonu
 24435 | Orc:2    | Corrupted Orc:2
 24435 | Orc:2    | Noticed a tentacled starspawn
 24435 | Orc:2    | Noticed a lich
 24558 | Orc:2    | Found Josiusm's Armour Shoppe.
 24558 | Orc:2    | Found Dughou's Antique Armour Shoppe.
 24559 | Orc:2    | Found Xialej's Weapon Shoppe.
 24559 | Orc:2    | Found Wiuges's Distillery.
 24569 | Orc:2    | Bought a potion of mutation for 128 gold pieces
 24569 | Orc:2    | Bought a potion of invisibility for 128 gold pieces
 24569 | Orc:2    | Bought 2 potions of might for 128 gold pieces
 24759 | Orc:2    | Bought a +0 pair of boots for 49 gold pieces
 24769 | Orc:2    | Bought the +11 hand crossbow of ragingrage's Misery {flame,
                  | rN+ rCorr Dex+4} for 1297 gold pieces
 25168 | D:15     | Noticed Nessos
 25169 | D:15     | Banished Nessos
 25253 | D:15     | Found Athawnia's Distillery.
 26028 | D:15     | Noticed a frost giant
 26029 | D:15     | Corrupted D:15
 26034 | D:15     | Reached skill level 5 in Translocations
 26040 | D:15     | Killed a frost giant
 26118 | D:14     | Learned a level 4 spell: Manifold Assault
 26471 | Spider:1 | Noticed Asterion
 26478 | Spider:1 | Noticed an Executioner
 26482 | Lair:3   | Killed Asterion
 26854 | Spider:1 | Noticed Nikola
 26882 | Spider:1 | Killed Nikola
 27355 | Spider:2 | Reached XP level 16. HP: 85/147 MP: 21/24
 27746 | Spider:2 | Found a runed translucent door.
 27746 | Spider:2 | Found a shimmering altar of Xom.
 27746 | Spider:2 | Noticed PyroL's ghost (adept DsNe)
 27746 | Spider:2 | Identified the +8 dire flail of Prescription {chaos, Contam
                  | rN+++ Int+5 Dex-3}
 28311 | Spider:2 | Reached skill level 1 in Air Magic
 28950 | Spider:2 | Reached skill level 15 in Fighting
 29327 | Shoals:1 | Entered Level 1 of the Shoals
 29552 | Shoals:1 | Noticed a kraken
 29568 | Shoals:1 | Found Ycusse's Vocational Training.
 29795 | Shoals:1 | Noticed Jorgrun
 29799 | Shoals:1 | Corrupted Shoals:1
 29799 | Shoals:1 | Noticed a tentacled starspawn
 29805 | Shoals:1 | Noticed a tentacled starspawn
 29805 | Shoals:1 | Killed Jorgrun
 30388 | Shoals:2 | Noticed Polyphemus
 30631 | Shoals:1 | Killed Polyphemus
 30632 | Shoals:1 | Reached skill level 10 in Ranged Weapons
 31636 | Shoals:3 | Noticed Donald
 31640 | Shoals:3 | Killed Donald
 31884 | Shoals:4 | Entered Level 4 of the Shoals
 31884 | Shoals:4 | Noticed Mara
 31908 | Shoals:4 | Found Neiqupit's General Store.
 32881 | Spider:4 | Entered Level 4 of the Spider Nest
 33764 | Spider:4 | Identified the +11 war axe of Qyrumodd {vorpal, rC+}
 33922 | Spider:4 | Reached skill level 12 in Invocations
 34340 | Spider:4 | Corrupted Spider:4
 34453 | Spider:4 | Got a gossamer rune of Zot
 35304 | D:5      | Found Usurew's General Store.
 35307 | D:5      | Bought a wand of quicksilver (3) for 189 gold pieces
 35307 | D:5      | Bought a scroll of fear for 60 gold pieces
 35315 | D:5      | Reached XP level 17. HP: 146/146 MP: 26/26
 35380 | D:5      | Found an iron altar of Okawaru.
 35380 | D:5      | Found an ancient bone altar of Kikubaaqudgha.
 36362 | Elf:1    | Entered Level 1 of the Elven Halls
 36362 | Elf:1    | Noticed Agnes
 36370 | Elf:1    | Killed Agnes
 36765 | Elf:1    | Found Qusocwif's Antique Armour Shoppe.
 36773 | Elf:1    | Bought a pair of glowing boots for 232 gold pieces
 36801 | Elf:1    | Found a shimmering blue altar of Sif Muna.
 36855 | Elf:1    | Noticed Roxanne
 36859 | Elf:1    | Found Beidonaq's Armour Shoppe.
 37021 | Elf:1    | Got Ereshkigal's Writings on Wicked Magic
 37040 | Elf:1    | Found Vocoeneu's Weapon Emporium.
 37584 | Elf:1    | Found Zanai's Book Shop.
 37591 | Elf:1    | Found Oxeikkaj's Antique Armour Emporium.
 37771 | Elf:1    | Killed Roxanne
 37932 | Shoals:1 | Bought a manual of Invocations for 880 gold pieces
 38387 | Elf:2    | Reached skill level 13 in Invocations
 38669 | Elf:2    | Reached skill level 14 in Invocations
 38877 | Elf:2    | Found a runed translucent gate.
 38878 | Elf:2    | Found a runed translucent gate.
 38878 | Elf:2    | Found a runed translucent gate.
 39197 | Elf:3    | Entered Level 3 of the Elven Halls
 39202 | Elf:3    | Upgraded the game from 0.30-a0-381-g6ea064c7b4 to
                  | 0.30-a0-385-gfebfb9b408
 39448 | Elf:3    | Found Taereas's Antique Armour Shop.
 39543 | Elf:3    | Found Qoohi's Self-Improvement Boutique.
 39544 | Elf:3    | Paralysed by an air elemental for 1 turns
 39570 | Elf:3    | Reached skill level 15 in Invocations
 40725 | Elf:3    | Reached skill level 15 in Ranged Weapons
 40789 | Elf:3    | Noticed a deep elf master archer
 41186 | Elf:3    | Noticed a deep elf master archer
 41194 | Elf:3    | Killed a deep elf master archer
 41348 | Elf:3    | Reached XP level 18. HP: 152/163 MP: 29/29
 41369 | Elf:3    | Identified the ring "Simpewk" {rF+ rN+ EV+4 Slay-2}
 41706 | Elf:3    | Reached skill level 16 in Invocations
 42088 | Elf:3    | Identified the +4 war axe of Ragnarok {protect, rPois}
 42098 | Elf:3    | Identified the +1 long sword "Killer Klown's Peril" {flame,
                  | rF+ rC+ Dex+6}
 42144 | Elf:3    | Identified the +6 broad axe "Jaomutudgh" {vorpal, Stlth+}
 42144 | Elf:3    | Identified the ring of Besiv {Fire Will+ Dex+2}
 42754 | Elf:3    | Identified a scroll of acquirement
 42762 | Elf:3    | Identified the +1 quarterstaff of Ibapnet {freeze, Int+4
                  | Dex+4}
 42769 | Elf:3    | Reached skill level 17 in Invocations
 42911 | Elf:3    | Got the Compilation of the Nocuous Dead
 42914 | Elf:3    | Learned a level 1 spell: Apportation
 43260 | Vaults:1 | Entered Level 1 of the Vaults
 43401 | D:14     | Gained mutation: You are frail. (-10% HP) [a neqoxec]
 43727 | D:14     | Reached skill level 18 in Invocations
 44183 | Vaults:1 | Paralysed by a sphinx for 5 turns
 44425 | Vaults:1 | Identified the +0 plate armour of Lifelessness {rElec Str+6
                  | Stlth+}
 45213 | Vaults:1 | Reached skill level 19 in Invocations
 45535 | Vaults:1 | Identified a +7 demon trident of distortion (a +5 demon
                  | trident of electrocution corrupted by Lugonu)
 45535 | Vaults:1 | Received a gift from Lugonu
 45656 | Abyss:3  | Cast into level 3 of the Abyss (a wizard)
 45682 | Abyss:3  | Found a corrupted altar of Lugonu.
 45796 | Abyss:3  | Reached skill level 1 in Stealth
 46049 | Abyss:3  | Reached XP level 19. HP: 108/153 MP: 32/32
 46065 | Abyss:3  | Got an abyssal rune of Zot
 46152 | Abyss:3  | Killed Nessos
 46205 | Abyss:3  | Reached XP level 20. HP: 47/160 MP: 33/33
 46238 | Vaults:2 | Escaped the Abyss
 47113 | Vaults:2 | Identified the +5 quarterstaff of Courage {freeze, Str+4}
 47160 | Vaults:2 | Reached skill level 5 in Stealth
 47174 | Vaults:2 | Shot with a bolt by a yaktaur captain

Illustrated notes

Levels and vault maps discovered:
D:1:      dpeg_arrival_rooms_b, layout_loops_cross,
          chequers_ecumenical_altar_simple
D:2:      layout_basic, minmay_diced_spiral
D:3:      layout_loops_ring, chequers_mini_garden, uniq_sigmund
D:4:      layout_loops_corners, zin_purify, serial_shops, shop,
          kennysheep_minor_cross, uniq_blork_the_orc
D:5:      layout_rooms, gammafunk_temple_overflow_pools, serial_shops,
          nicolae_shop_behind_doors, roderic_batcave, uniq_edmund, uniq_duvessa
D:6:      layout_loops_ring, slow_altar_2, chequers_ossuary_entry_cave
D:7:      due_chaos_kobolds, layout_loops_ring, temple_hall, minmay_the_grid_2x2
          [minmay_the_grid_dragon_b, minmay_the_grid_outer_diamond,
          minmay_the_grid_doors, minmay_the_grid_prize_shrinking_boxes]
D:8:      layout_loops_ring, grunt_decor_one_mirror, nicolae_stop_n_shop_2,
          uniq_maurice
D:9:      layout_grid_maze
D:10:     layout_long_grid, hangedman_decor_riveting, nzn_random_ring
D:11:     layout_roguey, erik_lair_island, hiddenorc1_lemuel,
          nicolae_sif_muna_little_library, uniq_nergalle
D:12:     layout_basic
D:13:     layout_rooms, david_defended_altar_orc
D:14:     layout_small_grid, erik_vaults_2, corexii_corridor_pit, serial_rivers,
          chequers_serial_rivers_micro_a, chequers_serial_rivers_small_b,
          chequers_serial_rivers_room_b, chequers_serial_rivers_micro_d,
          chequers_serial_rivers_room_a, makhleb_altar_promises_db
D:15:     grunt_enter_depths_snipers, layout_cave_pods, serial_shops, shop,
          serial_bayou_pond_b, uniq_nessos
Lair:1:   layout_hall_layers, grunt_megastairs_3
Lair:2:   layout_misc_corridors, minmay_shoals_entry_hut,
          gauntlet_entry_generic, lemuel_fruit_tree
Lair:3:   dreamdust_isle_of_ice, layout_loops_ring, dummy_spider_entry
Lair:4:   layout_long_grid, slime_entry_1, nicolae_volcano_entry_vermiform,
          beast_lair_carwin_3, grunt_megastairs_5, infiniplex_staircase_pool
Lair:5:   grunt_lair_end_beastmaster, layout_cave_pods, lemuel_oklob_altar
Shoals:1: layout_shoals, nicolae_shop_vocational, uniq_jorgrun
Shoals:2: layout_shoals, uniq_polyphemus
Shoals:3: layout_shoals, uniq_donald
Shoals:4: shoals_end_simple, layout_shoals, ebering_ghost_davey_jones,
          serial_shops, nicolae_shop_hallway_stairs, uniq_mara
Spider:1: layout_spider_delve, special_room [special_room_bee], uniq_nikola,
          uniq_asterion
Spider:2: layout_spider_delve, ebering_ghost_xom
Spider:3: layout_spider_delve
Spider:4: grunt_spider_rune_circles
Orc:1:    cheibrodos_orc_arena, layout_diamond_mine, statue_in_the_mist_lemuel
Orc:2:    st_orc_pillars, layout_diamond_mine
Elf:1:    kennysheep_bubbly, layout_loops_cross, serial_shops,
          nicolae_diamond_shop, nicolae_shop_bloodbath_and_beyond, shop,
          nicolae_diamond_shop, shop, basic_altar, minmay_elf_necromancy,
          uniq_agnes, uniq_roxanne
Elf:2:    nicolae_elf_blades_crystal_corner, layout_rooms, minivault_14
Elf:3:    elf_hall, layout_gridlike, serial_shops,
          nicolae_shop_advertising_works [nicolae_subvault_shop_adworks],
          drop_trap, nicolae_shop_self_help
Vaults:1: vaults_room_fours, ontoclasm_vaults_pinch, vaults_room_fancy_cross,
          nicolae_vaults_angled_halls, ontoclasm_vaults_gateway, v_misc_12,
          nicolae_vaults_diagonal_hallway_7, vaults_room_guarded_vault,
          hangedman_vaults_nodes, nicolae_vaults_shelves_hall, v_misc_3,
          nicolae_vaults_network_periphery, nicolae_vaults_yaktaur_gun_rack,
          layout_vaults_omnibox
Vaults:2: ontoclasm_vaults_shuriken, st_cells, v_misc_28, vaults_room_door_ring,
          nicolae_vaults_shelves_hall, nicolae_vaults_shelves_hall,
          nicolae_vaults_three_branches, nicolae_vaults_border_crossing,
          hangedman_vaults_impose, layout_vaults_omnigrid, serial_shops, shop
Vaults:3: nicolae_vaults_big_angled_halls, ontoclasm_vaults_shout,
          minmay_crypt_entry_necro_gods, hangedman_vaults_locks, v_rooms_6,
          grunt_vaults_hallway_short, nicolae_vaults_rhombus_5,
          vaults_dpeg_diagonal, ontoclasm_vaults_twist, layout_vaults_big_room,
          uniq_aizul

Skill      XL: |  1  2  3  4  5  6  7  8  9 10 11 12 13 14 15 16 17 18 19 20 |
---------------+-------------------------------------------------------------+-----
Translocations | 2 3 5 7 |  7.0
Polearms       | 4 5 7 9 11 12 14 | 14.0
Conjurations   | 4 5 6 7 8 |  8.0
Ice Magic      | 3 4 6 |  6.0
Evocations     | 3 6 8 9 |  9.0
Dodging        | 3 5 6 8 9 10 | 10.0
Invocations    | 3 5 6 9 10 11 12 15 19 | 19.9
Fighting       | 6 9 10 12 13 14 15 | 15.0
Spellcasting   | 3 4 |  4.0
Shields        | 1 |  1.0
Ranged Weapons | 3 8 12 15 16 17 | 17.4
Air Magic      | 3 |  3.0
Stealth        | 2 3 5 |  5.0

Action                   |  1- 3 |  4- 6 |  7- 9 | 10-12 | 13-15 | 16-18 | 19-21 || total
-------------------------+-------+-------+-------+-------+-------+-------+-------++-------
Melee: Spear             |   140 |   123 |   462 |   558 |       |       |       ||  1283
       Tailslap          |    13 |     8 |    49 |    92 |   136 |   185 |    36 ||   519
       Punch             |       |     1 |     3 |     9 |    11 |     5 |       ||    29
       Trident           |       |       |       |   188 |   613 |       |       ||   801
       Demon trident     |       |       |       |       |    84 |  1069 |   168 ||  1321
       Glaive            |       |       |       |       |     7 |       |       ||     7
 Fire: Arbalest          |       |       |       |       |   392 |   201 |       ||   593
       Hand crossbow     |       |       |       |       |     4 |   295 |    19 ||   318
Throw: Boomerang         |       |       |       |     4 |       |       |       ||     4
       Dart              |       |       |       |    12 |    15 |       |       ||    27
       Throwing net      |       |       |       |     1 |       |       |       ||     1
 Cast: Kiss of Death     |     1 |     2 |     2 |       |     1 |     1 |       ||     7
       Momentum Strike   |    15 |    20 |    28 |     7 |       |       |       ||    70
       Searing Ray       |       |       |       |     9 |       |     2 |       ||    11
       Hailstorm         |       |       |       |     7 |     3 |       |       ||    10
       Ozocubu's Armour  |       |       |       |    14 |    10 |    28 |     1 ||    53
       Blink             |       |       |       |       |       |     2 |       ||     2
       Manifold Assault  |       |       |       |       |       |     3 |       ||     3
Invok: Depart the Abyss  |       |       |       |     1 |       |       |       ||     1
       Banish            |       |       |       |       |     8 |    15 |     1 ||    24
       Corrupt           |       |       |       |       |     2 |     2 |       ||     4
       Brand Weapon With |       |       |       |       |       |     1 |       ||     1
 Abil: Breathe Noxious F |       |       |    19 |    24 |    11 |    18 |     1 ||    73
Evoke: Wand              |       |       |     4 |    17 |     1 |    13 |     4 ||    39
       Tin of tremorston |       |       |       |       |     3 |     7 |       ||    10
       Box of beasts     |       |       |       |       |     2 |     3 |     1 ||     6
       Phantom mirror    |       |       |       |       |     1 |     2 |       ||     3
       Phial of floods   |       |       |       |       |       |     1 |       ||     1
  Use: Potion            |       |     2 |     2 |     1 |     1 |     8 |     7 ||    21
       Scroll            |       |       |     7 |    10 |    17 |     9 |     2 ||    45
 Stab: Sleeping          |     1 |       |     1 |       |     1 |       |     2 ||     5
       Confused          |       |       |    13 |    10 |     3 |     3 |     1 ||    30
       Paralysed         |       |       |       |    10 |       |       |     3 ||    13
       Invisible         |       |       |       |     1 |     3 |       |       ||     4
       Distracted        |       |       |       |       |       |     1 |       ||     1
Armor: Skin              |    26 |    22 |    92 |   145 |   176 |   357 |    25 ||   843
Dodge: Dodged            |    81 |    56 |   184 |   318 |   537 |   768 |    64 ||  2008
Block: Buckler           |       |       |       |       |     2 |    78 |    20 ||   100

Table legend: (Time is in decaauts)
 A = Elapsed time spent in this place.
 B = Non-inter-level travel time spent in this place.
 C = Inter-level travel time spent in this place.
 D = Time resting spent in this place.
 E = Time spent auto-exploring this place.
 F = Levels seen in this place.
 G = Mean time per level.
                   A        B        C        D        E       F      G
               +--------+--------+--------+--------+--------+-----+--------+
         Total |  46635 |  42039 |   4596 |  11541 |  20490 |  40 | 1165.9 |
       Dungeon |  19666 |  17633 |   2033 |   3826 |  10128 |  15 | 1311.1 |
          Lair |   6255 |   5513 |    742 |    774 |   3219 |   5 | 1251.0 |
        Shoals |   3174 |   2775 |    399 |    702 |   1539 |   4 |  793.5 |
   Spider Nest |   5586 |   4816 |    770 |   2317 |   1471 |   4 | 1396.5 |
  Orcish Mines |   1782 |   1433 |    349 |     89 |    799 |   2 |  891.0 |
   Elven Halls |   6335 |   6114 |    221 |   2923 |   1779 |   3 | 2111.7 |
        Vaults |   2632 |   2552 |     80 |    650 |   1341 |   3 |  877.3 |
         Abyss |    578 |    578 |      0 |    224 |      0 |   2 |  289.0 |
       Volcano |    215 |    215 |      0 |     10 |     72 |   1 |  215.0 |
      Gauntlet |    410 |    410 |      0 |     23 |    141 |   1 |  410.0 |
               +--------+--------+--------+--------+--------+-----+--------+

Top non-repeatable levels by time:
   Elf:3: 3711 daAuts
     D:7: 2593 daAuts
Spider:2: 2309 daAuts
    D:14: 2162 daAuts
    D:11: 1726 daAuts
Spider:4: 1682 daAuts
  Lair:5: 1637 daAuts
     D:4: 1532 daAuts
   Elf:1: 1523 daAuts
  Lair:3: 1448 daAuts
Shoals:1: 1384 daAuts
Vaults:1: 1328 daAuts
    D:12: 1320 daAuts
  Lair:4: 1306 daAuts
    D:13: 1289 daAuts
